 Dungeon Crawl Stone Soup version 0.29.1-2-gbd0b4ee654 (webtiles) character file.

Game seed: 4074816359916089954

51 jamesblauser the Trooper (level 3, 0/33 HPs)
             Began as a Draconian Berserker on Nov 5, 2022.
             Was a Follower of Trog.
             Succumbed to an adder's poison
             ... on level 2 of the Dungeon.
             The game lasted 00:05:41 (1151 turns).

jamesblauser the Trooper (Draconian Berserker)      Turns: 1151, Time: 00:05:41

Health: 0/33       AC:  5    Str: 21    XL:     3   Next: 58%
Magic:  3/3        EV: 12    Int:  7    God:    Trog [*.....]
Gold:   72         SH:  0    Dex: 10    Spells: 2/2 levels left

rFire   . . .      SeeInvis .   a - +0 hand axe
rCold   . . .      Faith    .   (no shield)
rNeg    . . .      Spirit   .   (body armour unavailable)
rPois   .          Reflect  .   (helmet restricted)
rElec   .          Harm     .   (no cloak)
rCorr   .          Rampage  .   (no gloves)
Will    .....                   (no boots)
Stlth   +.........              (no amulet)
HPRegen 0.11/turn               (no ring)
MPRegen 0.08/turn               (no ring)

@: lethally poisoned (0 -> -1), on berserk cooldown, slowed, very slow
A: AC +5, unfitting armour, cold-blooded
a: Renounce Religion, Berserk


You were on level 2 of the Dungeon.
You worshipped Trog.
Trog was aware of your devotion.
You visited 1 branch of the dungeon, and saw 2 of its levels.

You collected 72 gold pieces.

Inventory:

Hand Weapons
 a - a +0 hand axe (weapon)
Missiles
 b - a throwing net (quivered)
 c - 3 poisoned darts
Scrolls
 e - a scroll of fear


   Skills:
 + Level 3.8 Fighting
 + Level 3.5 Axes
 + Level 0.4 Throwing
 + Level 3.2 Dodging


You had 2 spell levels left.
You didn't know any spells.
Your spell library was empty.

Dungeon Overview and Level Annotations

Branches:
Dungeon (1/15)

Altars:


Innate Abilities, Weirdness & Mutations

Your plain brown scales are hard. (AC +5)
You cannot fit into any form of body armour.
You are cold-blooded and may be slowed by cold attacks.


Message History

* * * LOW HITPOINT WARNING * * *
You are lethally poisoned!
The adder poisons you!
You closely miss the adder.
The adder is heavily wounded.
* * * LOW HITPOINT WARNING * * *
You feel sick.
The adder bites you but does no damage. x2
Your skin crawls.
You feel strong-willed.
You can no longer call upon Trog for regeneration and willpower.
You feel sick. The adder bites you but does no damage.
You feel sick.
You feel sick. The adder closely misses you.
You see here a +0 club.
A red film seems to cover your vision as you go berserk!
You feel yourself moving faster!
You feel mighty!
You feel sick. The adder bites you.
* * * LOW HITPOINT WARNING * * *
You are more poisoned.
The adder poisons you!
You slash the adder!
You kill the adder!
Trog accepts your kill.
You feel sick.
You feel the effects of Trog's Hand fading.
You feel sick.
Calm down first, please.
Calm down first, please.
You feel a strong urge to attack something.
You feel sick.
You feel your anger nearly subside.
You are no longer berserk.
You are exhausted.
You feel yourself slow down.
You feel sick.
You feel sick.
Your skin stops crawling.
You feel less strong-willed.
* * * LOW HITPOINT WARNING * * *
You feel sick.
There is a lethal amount of poison in your body!
There is a lethal amount of poison in your body!
You die...

#######)## #.#
######...### #.#
#..........# #.#
#.####...#.## #.# #
##.##...
#.#####.#####.#####
#.............#
##.............#
#..@.....#####.#
#####)†####### #.#
#....†......######.##.#
#.###............)....#
#.##.##.............
#.# .###############
... .# #.. # #..#


There were no monsters in sight!

Vanquished Creatures
  A gnoll (D:1)
  An adder (D:2)
  3 ball pythons
  2 bats (D:1)
  4 endoplasms
  A giant cockroach (D:1)
  3 goblins
  4 hobgoblins (D:1)
  4 jackals (D:1)
  A quokka (D:1)
  2 frilled lizards (D:1)
  A kobold (D:2)
  A rat (D:1)
28 creatures vanquished.

Notes
Turn   | Place    | Note
-------+----------+-------------------------------------------
     0 | D:1      | jamesblauser the Draconian Berserker began the quest for
                  | the Orb.
     0 | D:1      | Reached XP level 1. HP: 19/19 MP: 1/1
   172 | D:1      | Reached XP level 2. HP: 13/26 MP: 2/2
   643 | D:1      | Reached XP level 3. HP: 31/33 MP: 3/3
   663 | D:1      | Found a faded altar of an unknown god.
   936 | D:1      | Reached ** piety under Trog
  1040 | D:1      | You fall into a shaft and drop 1 floor!
  1150 | D:2      | HP: 1/33 [poisoned by an adder]
  1151 | D:2      | Succumbed to an adder's poison

Illustrated notes

Levels and vault maps discovered:
D:1:      psy_arrival_whirlpool, layout_loops_ring,
          hellmonk_ecumenical_altar_prayer_group
D:2:      layout_loops_ring

Skill      XL: |  1  2 |
---------------+-------+-----
Dodging        | 3 |  3.2
Fighting       | |  3.8
Axes           | |  3.5
Throwing       | |  0.4

Action                   || total
-------------------------++-------
Melee: Hand axe          ||    83
       Tailslap          ||     5
Throw: Dart              ||     6
       Throwing net      ||     1
Invok: Trog's Hand       ||     2
       Berserk           ||     1
  Use: Scroll            ||     4
       Potion            ||     1
Armor: Skin              ||    33
Dodge: Dodged            ||    75
